AoeStats
← ME_DEPRIME_JUGAR_CON_USTEDES

Arena

507725204Analyzed
4v4 RM · 12d ago on Sep 19, 2026· 53m 1s· 8 players
Game mode
Random Map
Map size
Large (8 player)
Population
200
Speed
Normal
Resources
Standard
Victory
Conquest
Starting age
Dark Age
Ending age
Imperial Age
RankedLock teamsTeams togetherTeam positionsShared explorationLock speedFull tech treeHidden civsTurbo modeCheats
Victory
Defeat
🇹🇷 Goths · Türkiye
1577
+14
🇦🇷 Turks · Argentina
1566
+14
🇨🇳 Italians · China
1451
+19
🇶🇦 Vietnamese · Qatar
1394
+22
🇨🇳 Bohemians · China
1590
-20
🇦🇷 Portuguese · Argentina
1522
-17
🇭🇰 Mongols · Hong Kong SAR China
1503
-16
🇨🇳 Franks · China
1487
-16
远程OB总指挥
10:45 Feudal Age
14:22 Castle Age
12:12 Double-Bit Axe
23:06 Bow Saw
25:06 Wheelbarrow
24:51 Gold Mining
26:04 Hand Cart
27:13 Scale Barding Armor
27:19 Forging
27:14 Scale Barding Armor
27:19 Forging
30:08 Imperial Age
28:09 Husbandry
28:49 Gold Shaft Mining
29:14 Chain Barding Armor
30:24 Iron Casting
31:01 Chivalry
30:29 Cavalier
31:47 Paladin
32:41 Stone Mining
33:51 Plate Barding Armor
34:55 Blast Furnace
34:31 Loom
35:31 Fletching
36:24 Coinage
36:12 Bodkin Arrow
38:43 Conscription
38:58 Hoardings
41:08 Light Cavalry
42:45 Caravan
44:23 Capped Ram
46:15 Arrowslits
46:42 Masonry
48:29 Padded Archer Armor
48:52 Ballistics
48:12 Elite Skirmisher
50:09 Leather Archer Armor
51:42 Chemistry
50:52 Siege Engineers
倒挂着的树枝
8:58 Feudal Age
9:29 Double-Bit Axe
12:05 Wheelbarrow
17:18 Castle Age
16:30 Gold Mining
18:09 Bow Saw
20:25 Loom
27:28 Imperial Age
28:16 Fletching
29:55 Chemistry
28:36 Crossbowman
32:40 Horse Collar
34:51 Hand Cart
35:59 Padded Archer Armor
37:16 Arquebus
39:27 Guard Tower
39:22 Treadmill Crane
39:40 Bodkin Arrow
41:47 Keep
41:15 Bracer
42:52 Onager
44:06 Fortified Wall
43:30 Elite Skirmisher
44:29 Leather Archer Armor
44:44 Thumb Ring
45:03 Ballistics
45:19 Masonry
45:39 Thumb Ring
47:07 Ring Archer Armor
113152737
10:38 Feudal Age
14:20 Castle Age
12:32 Double-Bit Axe
20:08 Bow Saw
20:50 Horse Collar
24:38 Wheelbarrow
23:49 Loom
23:49 Loom
25:12 Gold Mining
26:31 Hand Cart
30:53 Imperial Age
28:44 Bloodlines
28:46 Fletching
29:34 Gold Shaft Mining
29:14 Husbandry
29:16 Stone Mining
30:26 Bodkin Arrow
31:07 Stone Shaft Mining
31:32 Padded Archer Armor
32:22 Bracer
32:49 Leather Archer Armor
32:08 Elite Mangudai
33:10 Conscription
33:34 Capped Ram
35:06 Parthian Tactics
34:46 Thumb Ring
35:42 Drill
35:54 Ballistics
36:36 Chemistry
36:18 Siege Ram
40:41 Caravan
47:20 Scale Barding Armor
47:26 Forging
48:40 Chain Barding Armor
47:42 Light Cavalry
49:32 Iron Casting
49:19 Hussar
52:10 Blast Furnace
51:45 Heavy Plow
骑人机的骑士
12:23 Feudal Age
13:32 Double-Bit Axe
16:12 Castle Age
13:59 Loom
14:15 Horse Collar
26:46 Imperial Age
25:06 Bow Saw
25:32 Padded Archer Armor
26:33 Leather Archer Armor
27:41 Chemistry
27:53 Conscription
32:35 Ring Archer Armor
35:44 Elite Skirmisher
36:19 Fletching
38:02 Wheelbarrow
37:41 Bodkin Arrow
38:43 Ballistics
39:25 Heavy Plow
39:44 Bracer
41:38 Caravan
42:54 Crossbowman
45:07 Two-Man Saw
43:40 Arbalester
47:47 Squires
47:08 Pikeman
47:33 Arson
48:01 Forging
47:51 Scale Mail Armor
48:15 Halberdier
50:13 Iron Casting
49:53 Chain Mail Armor
52:06 Plate Mail Armor
ME_DEPRIME_JUGAR_CON_USTEDES
9:44 Feudal Age
10:38 Feudal Age
14:19 Castle Age
12:20 Double-Bit Axe
12:45 Horse Collar
15:26 Wheelbarrow
16:08 Bow Saw
18:11 Heavy Plow
18:24 Loom
23:43 Gold Mining
30:53 Imperial Age
28:41 Hand Cart
29:04 Gold Shaft Mining
32:26 Conscription
32:08 Padded Archer Armor
33:19 Two-Man Saw
33:10 Heavy Cavalry Archer
33:48 Fletching
34:23 Bodkin Arrow
35:06 Bracer
35:55 Leather Archer Armor
36:14 Bloodlines
36:05 Husbandry
37:35 Ring Archer Armor
37:57 Sipahi
38:08 Scale Barding Armor
39:10 Scale Mail Armor
39:30 Chain Barding Armor
40:47 Plate Barding Armor
41:29 Forging
41:49 Caravan
42:56 Iron Casting
44:55 Blast Furnace
45:38 Parthian Tactics
45:21 Thumb Ring
45:45 Capped Ram
46:23 Town Watch
50:56 Ballistics
51:39 Scale Mail Armor
52:55 Fortified Wall
52:55 Masonry
52:41 Murder Holes
JavelinMen
9:46 Feudal Age
10:13 Double-Bit Axe
10:09 Horse Collar
17:06 Castle Age
19:15 Bow Saw
20:45 Wheelbarrow
23:43 Hand Cart
29:12 Imperial Age
26:53 Scale Mail Armor
27:03 Forging
26:54 Gold Mining
27:25 Squires
27:11 Pikeman
28:08 Chain Mail Armor
28:23 Heavy Plow
29:01 Iron Casting
29:27 Anarchy
30:25 Conscription
31:09 Two-Man Saw
30:40 Crop Rotation
30:20 Loom
31:38 Blast Furnace
30:41 Halberdier
32:25 Perfusion
37:59 Fletching
38:11 Elite Huskarl
40:28 Caravan
41:00 Coinage
45:18 Banking
48:28 Bodkin Arrow
JanChess
11:10 Feudal Age
14:56 Castle Age
12:58 Double-Bit Axe
13:13 Horse Collar
13:49 Gold Mining
16:17 Wheelbarrow
16:43 Bow Saw
20:15 Scale Mail Armor
22:51 Stone Mining
24:21 Chain Mail Armor
24:03 Loom
24:05 Town Watch
33:02 Imperial Age
31:28 Hand Cart
31:49 Fletching
32:02 Padded Archer Armor
32:27 Ballistics
32:35 Bodkin Arrow
33:31 Leather Archer Armor
34:45 Bracer
36:05 Elite Rattan Archer
40:56 Chemistry
40:28 Siege Engineers
44:01 Hoardings
44:22 Fortified Wall
44:08 Murder Holes
43:54 Treadmill Crane
46:29 Two-Man Saw
45:34 Heavy Plow
46:18 Paper Money
49:03 Paper Money
49:07 Leather Archer Armor
49:18 Bombard Tower
50:51 Ring Archer Armor
50:32 Caravan
50:43 Guilds
51:47 Crop Rotation
52:52 Coinage
sam666
9:59 Feudal Age
13:47 Castle Age
12:36 Double-Bit Axe
13:00 Horse Collar
13:31 Loom
15:19 Bow Saw
19:49 Wheelbarrow
21:17 Gold Mining
21:46 Heavy Plow
25:39 Stone Mining
29:59 Imperial Age
27:45 Fletching
28:35 Hand Cart
30:14 Stone Shaft Mining
29:54 Bodkin Arrow
31:12 Ballistics
31:18 Conscription
31:21 Bracer
31:22 Padded Archer Armor
32:43 Two-Man Saw
32:17 Crop Rotation
32:59 Chemistry
33:24 Leather Archer Armor
33:16 Thumb Ring
32:32 Crossbowman
33:58 Arbalester
35:48 Bloodlines
35:39 Husbandry
36:11 Ring Archer Armor
35:53 Light Cavalry
37:28 Scale Barding Armor
37:34 Forging
37:14 Elite Skirmisher
38:36 Chain Barding Armor
38:06 Hussar
40:37 Iron Casting
40:37 Plate Barding Armor
39:56 Imperial Skirmisher
43:52 Conscription
44:09 Hoardings
44:41 Plate Barding Armor
45:06 Blast Furnace
49:14 Coinage
48:45 Caravan
49:32 Scale Mail Armor
50:37 Squires
50:24 Arson
50:00 Pikeman
51:50 Banking
Connection lost

Rejoining the realm…

Still unreachable

The connection could not be restored.

Session expired

The server has moved on; the page needs a fresh start.